[Event "GER-chT States Women 2022"]
[Site "Braunfels"]
[Date "2022.06.16"]
[Round "1.1"]
[White "Hund, Sarah"]
[Black "Cosma, Elena-Luminita"]
[Result "0-1"]
[ECO "C13"]
[WhiteElo "2086"]
[BlackElo "2277"]
[Annotator "NA RC"]
[PlyCount "72"]
[EventDate "2022.06.15"]
[EventType "swiss"]
[EventCountry "GER"]
[SourceTitle "playchess.com"]
[Source "ChessBase"]
[SourceQuality "1"]
[TimeControl "40/5400+30:1800+30"]

1. e4 e6 2. d4 d5 3. Nc3 Nf6 4. Bg5 Be7 5. e5 Nfd7 6. h4 h6 7. Be3 c5 8. Qg4 g6 9. O-O-O cxd4 10. Bxd4 Nc6 11. Nf3 Nxd4 12. Rxd4 a6 13. Bd3 Nf8 14. Rd1 Bd7 15. h5 g5 16. Qg3 Qb6 17. Be2 Bc5 18. Rxd5 Bxf2 19. Qh2 Bc6 20. Rd6 Nd7 21. Nd4 Bxd4 22. R1xd4 Qa5 23. Bc4 Qxe5 24. Qh3 O-O 25. Rxd7 Bxd7 26. Rxd7 Qf4+ 27. Rd2 Qxc4 28. Rf2 Rad8 29. Qe3 Qd4 30. Qe1 Kg7 31. Ne4 f5 32. Nc3 e5 33. g4 fxg4 34. Re2 Qf4+ 35. Kb1 Qf1 36. Rxe5 g3 0-1

[Event "GER-chT States Women 2022"]
[Site "Braunfels"]
[Date "2022.06.16"]
[Round "1.2"]
[White "Voicu-Jagodzinsky, Carmen"]
[Black "Kuehnel, Lena"]
[Result "1-0"]
[ECO "C54"]
[WhiteElo "2291"]
[BlackElo "1928"]
[Annotator "TA"]
[PlyCount "111"]
[EventDate "2022.06.15"]
[EventType "swiss"]
[EventCountry "GER"]
[SourceTitle "playchess.com"]
[Source "ChessBase"]
[SourceQuality "1"]
[TimeControl "40/5400+30:1800+30"]

1. e4 e5 2. Nf3 Nc6 3. Bc4 Bc5 4. c3 Nf6 5. d3 d6 6. h3 a6 7. Bb3 Ba7 8. Nbd2 O-O 9. Nf1 d5 10. Qe2 {[%emt 0:00:12] C54: Giuoco Piano: 4 c3 Nf6, main lines with 5 d4 and 5 d3.} Re8 11. Bg5 d4 {[%emt 0:06:04] [#]} 12. Ng3 $146 {[%emt 0:07:06] With the idea Nh5. The position is equal.} ({Predecessor:} 12. N1d2 Be6 13. O-O h6 14. Bxe6 hxg5 15. Bg4 Nxg4 16. hxg4 dxc3 17. bxc3 Qd7 18. Rfb1 {1-0 (81) Yemelin,V (2576)-Ris,R (2422) Rijeka 2010}) 12... h6 13. Bd2 Na5 (13... Be6 $11) 14. Ba4 $1 $14 c6 15. b4 b5 16. Bc2 (16. bxa5 bxa4 17. O-O c5 $11) 16... Nb7 17. a4 c5 18. axb5 dxc3 (18... cxb4 $14 {was preferrable.} 19. cxd4 (19. cxb4 axb5 20. O-O Nd6 $14) 19... exd4) 19. Bxc3 $16 cxb4 20. Bb2 (20. Bxb4 axb5 21. O-O Bd7 $14) 20... Bd4 21. Nxd4 exd4 22. Rxa6 Rxa6 (22... Rb8 $1 $14) 23. bxa6 $18 Nc5 24. a7 Ba6 {[%emt 0:03:16][%cal Of6e4] Threatens to win with ...Nfxe4!} 25. O-O {[%emt 0:03:55] Hoping for Ra1.} b3 26. Bb1 (26. Ba3 $18 Ncxe4 27. Nxe4 Rxe4 28. Qd2) 26... Ncxe4 $14 27. Nxe4 Nxe4 28. Qg4 {[%emt 0:03:30] Inhibits Ng3.} (28. Qd1 $1 $14 Nc3 29. Bxc3 (29. Qxb3 Ne2+ 30. Kh1 Qa8 $11) 29... dxc3 30. Qxb3) 28... Nc3 $11 29. Bxc3 dxc3 30. Qa4 Bb7 ({Resist} 30... Re6 31. Qxb3 Qa8 32. Qxc3 (32. Qb8+ Re8 $16) 32... Qxa7 33. d4 $1 $16) 31. Qxb3 Qa8 32. Ba2 $36 {[%emt 0:22:16][%mdl 2048] Ra1 is the strong threat. White fights for an advantage.} ({Don't play} 32. Qxc3 Bxg2 33. Re1 Rxe1+ 34. Qxe1 Bxh3 $17) 32... Re7 (32... Bxg2 $11 33. Qxf7+ Kh8) 33. Qa3 Rd7 34. Qxc3 (34. f3 $1 $11) 34... Qxa7 (34... Bxg2 $15 {stays ahead.} 35. Rc1 Rxa7 36. Qc8+ Kh7 37. Qxa8 Bxa8) 35. Bc4 Qb6 36. Qe5 {[%emt 0:00:42] And now Qe8+ would win.} Qd8 {[%emt 0:02:51] Prevents Qe8+.} 37. Re1 Kf8 (37... Bd5 $142) 38. Qf5 {[%emt 0:01:04] 0x0.001762f2c08adp-1022s more active pieces.} ({Better is} 38. Bb5 Re7 39. Qc5) 38... Qg5 $16 39. Qxg5 hxg5 {[%emt 0:00:01][%mdl 4096] Endgame KRB-KRB} 40. f3 f6 41. Kf2 Bd5 42. Re2 Bxc4 43. dxc4 $14 {[%emt 0:00:00] KR-KR} Rd4 {[%emt 0:01:31] [#]} 44. Rc2 (44. Re4 $1 $16 Rd2+ 45. Re2) 44... Ke7 {[%emt 0:00:58] [#]} (44... Rd3 $1 $14) 45. Ke3 $1 $16 Rh4 (45... Rd1 $16 {might work better.} 46. Ra2 Rg1) 46. Kd3 Kd6 47. Ra2 Kc5 (47... Rh8 $142 48. Ra6+ Kc5) 48. Ra5+ $18 Kb6 49. Ra8 f5 (49... Kc5 {is a better defense.} 50. Rc8+ Kd6) 50. Rf8 Rf4 (50... g4 51. hxg4 (51. Rxf5 gxh3 52. gxh3 Rxh3 $16) 51... fxg4) 51. Rf7 {[%emt 0:00:00] White is clearly winning.} g6 52. Rf6+ Kc5 53. Rxg6 Rd4+ 54. Ke2 Kxc4 55. Rxg5 f4 56. h4 {[%emt 0:00:00] Weighted Error Value: White=0.14 (very precise) /Black=0.32} 1-0

[Event "GER-chT States Women 2022"]
[Site "Braunfels"]
[Date "2022.06.16"]
[Round "1.3"]
[White "Kohm, Vanessa"]
[Black "Agrest, Inna"]
[Result "0-1"]
[ECO "E70"]
[WhiteElo "1772"]
[BlackElo "2265"]
[Annotator "NA RC"]
[PlyCount "42"]
[EventDate "2022.06.15"]
[EventType "swiss"]
[EventCountry "GER"]
[SourceTitle "playchess.com"]
[Source "ChessBase"]
[SourceQuality "1"]
[TimeControl "40/5400+30:1800+30"]

1. d4 Nf6 2. c4 g6 3. Nc3 Bg7 4. e4 d6 5. Bg5 O-O 6. Qd2 Nbd7 7. f3 a6 8. Bh6 e5 9. d5 Nxe4 10. fxe4 Qh4+ 11. g3 Qxh6 12. O-O-O Qxd2+ 13. Kxd2 f5 14. Nge2 Nf6 15. Bg2 Bh6+ 16. Kd3 Ng4 17. Rdf1 Ne3 18. Rfg1 Nxg2 19. Rxg2 fxe4+ 20. Nxe4 Rf3+ 21. Kc2 Bf5 0-1

[Event "GER-chT States Women 2022"]
[Site "Braunfels"]
[Date "2022.06.16"]
[Round "1.4"]
[White "Ciolacu, Alessia-Mihaela"]
[Black "Grining, Maria"]
[Result "1-0"]
[ECO "D11"]
[WhiteElo "2198"]
[BlackElo "1759"]
[Annotator "NA RC"]
[PlyCount "67"]
[EventDate "2022.06.15"]
[EventType "swiss"]
[EventCountry "GER"]
[SourceTitle "playchess.com"]
[Source "ChessBase"]
[SourceQuality "1"]
[TimeControl "40/5400+30:1800+30"]

1. d4 d5 2. c4 c6 3. Nf3 Nf6 4. e3 e6 5. b3 Bd6 6. Bd3 Nbd7 7. Bb2 Qc7 8. O-O b6 9. Nc3 O-O 10. Rc1 Qb8 11. e4 dxe4 12. Nxe4 Bf4 13. Rc2 Bb7 14. c5 Nd5 15. a3 h6 16. Qe2 Bc7 17. g3 Re8 18. Rfc1 f5 19. Ned2 bxc5 20. dxc5 a5 21. Nf1 f4 22. Re1 Qa7 23. Qe4 N7f6 24. Bxf6 Nxf6 25. Qg6 Ba6 26. Bxa6 Qxa6 27. Rce2 Qc8 28. Nd4 e5 29. Nf5 Qd7 30. Rd2 Nd5 31. Nxh6+ Kh8 32. Nf7+ Kg8 33. Ng5 f3 34. Re4 1-0

[Event "GER-chT States Women 2022"]
[Site "Braunfels"]
[Date "2022.06.16"]
[Round "1.5"]
[White "Malachowski, Margrit"]
[Black "Kuckling, Hannah"]
[Result "1/2-1/2"]
[ECO "A05"]
[WhiteElo "2061"]
[BlackElo "2070"]
[Annotator "NA RC"]
[PlyCount "62"]
[EventDate "2022.06.15"]
[EventType "swiss"]
[EventCountry "GER"]
[SourceTitle "playchess.com"]
[Source "ChessBase"]
[SourceQuality "1"]
[TimeControl "40/5400+30:1800+30"]

1. Nf3 Nf6 2. g3 g6 3. Bg2 Bg7 4. c4 d6 5. O-O e5 6. d3 O-O 7. Nc3 Nc6 8. Bg5 h6 9. Bxf6 Bxf6 10. Rb1 Be6 11. b4 Qd7 12. e3 Bg7 13. Qc2 f5 14. Nd5 g5 15. b5 Nd8 16. Nd2 c6 17. bxc6 bxc6 18. Nc3 f4 19. Ne2 Qf7 20. exf4 gxf4 21. f3 fxg3 22. hxg3 Qg6 23. Rb3 h5 24. Qd1 Nf7 25. Ne4 Rad8 26. Ra3 Rd7 27. Qe1 Nh6 28. Ra6 Rc7 29. Qa5 Rff7 30. Nxd6 Rfd7 31. Ne4 Re7 1/2-1/2

[Event "GER-chT States Women 2022"]
[Site "Braunfels"]
[Date "2022.06.16"]
[Round "1.6"]
[White "Hess, Olena"]
[Black "Landenberger, Anja Kathrin"]
[Result "1-0"]
[ECO "D02"]
[WhiteElo "2055"]
[BlackElo "1767"]
[Annotator "NA RC"]
[PlyCount "81"]
[EventDate "2022.06.15"]
[EventType "swiss"]
[EventCountry "GER"]
[SourceTitle "playchess.com"]
[Source "ChessBase"]
[SourceQuality "1"]
[TimeControl "40/5400+30:1800+30"]

1. Nf3 d5 2. d4 Nf6 3. c4 c6 4. g3 Bf5 5. Nc3 e6 6. Nh4 Bg6 7. Nxg6 hxg6 8. Qd3 Bd6 9. Bg2 Nbd7 10. O-O Ng4 11. h3 Nh6 12. e4 dxe4 13. Nxe4 Bc7 14. Bg5 Nf6 15. d5 exd5 16. cxd5 Nf5 17. Nxf6+ gxf6 18. Qc3 Be5 19. Rfe1 Ne7 20. Rxe5 fxe5 21. Qxe5 Rh5 22. Re1 cxd5 23. Qxe7+ Qxe7 24. Bxe7 Kd7 25. g4 Rh7 26. Bf6 Re8 27. Rxe8 Kxe8 28. Kh2 d4 29. Bxd4 f5 30. gxf5 gxf5 31. Bxa7 Rd7 32. Be3 Rc7 33. Kg3 Rc2 34. Bd4 Rd2 35. Bc3 Rd7 36. Kf4 Rf7 37. Bf3 Rh7 38. Kg3 Kd8 39. h4 Kc7 40. h5 Kd6 41. Kf4 1-0

[Event "GER-chT States Women 2022"]
[Site "Braunfels"]
[Date "2022.06.16"]
[Round "1.7"]
[White "Chung, Simone"]
[Black "Moeller, Lisa-Marie"]
[Result "0-1"]
[ECO "A43"]
[WhiteElo "1458"]
[BlackElo "1927"]
[Annotator "TA"]
[PlyCount "113"]
[EventDate "2022.06.15"]
[EventType "swiss"]
[EventCountry "GER"]
[SourceTitle "playchess.com"]
[Source "ChessBase"]
[SourceQuality "1"]
[TimeControl "40/5400+30:1800+30"]

1. d4 c5 2. Nf3 cxd4 3. Nxd4 d5 4. e3 Nf6 5. c4 e5 6. Nf3 Nc6 7. cxd5 {[%emt 0:04:00] D04: Colle System.} Nxd5 8. Bc4 Bb4+ (8... Be6 $5 9. Nbd2 Rc8 $11) 9. Bd2 {[%emt 0:04:17] The position is equal.} O-O 10. a3 Bxd2+ 11. Nbxd2 Nb6 {[%emt 0:01:11] [#]} 12. Bb5 $146 ({Predecessor:} 12. Be2 Qe7 13. O-O Rd8 14. Qc2 Be6 15. b4 Rac8 16. Qb1 f6 17. Rc1 Qf7 18. Bf1 {1-0 (30) Sebestyen,B (2171)-Simon,Z (2069) Fuzesabony 2002}) 12... Qd5 13. Bxc6 (13. Qb3 {looks sharper.} Rd8 14. Rc1 f6 15. Qxd5+ Rxd5 16. Be2) 13... bxc6 14. e4 Qe6 15. O-O Ba6 16. Re1 Rab8 17. Qc2 Rfd8 18. Rac1 Rbc8 19. Qc5 (19. Nb3 $1 $14) 19... Bb5 20. Qc3 Na4 21. Qb4 a5 22. Qxa5 (22. Qb3 $15) 22... Nxb2 $17 {[%emt 0:00:31] [#] And now ...Nd3 would win.} 23. Rb1 Nd3 {[%emt 0:00:26] Hoping for ...Ra8.} 24. Re3 Nf4 25. a4 Ra8 {[%emt 0:00:49] 0x0.001e6b28f8bedp-1022s more active pieces.} 26. Qc7 Bxa4 $40 {[%emt 0:02:53][%mdl 128] Black is out for blood.} 27. Ng5 $2 (27. g3 $17 Nh3+ 28. Kg2) 27... Qg6 ({Avoid the trap} 27... Qa2 $2 28. h4 $19) (27... Qg4 $142 28. g3 Qxg5) 28. Ndf3 $2 (28. Qxe5 {is the only way for White.} Bc2 29. Qxf4 Bxb1 30. Re1) 28... f6 $19 {[%emt 0:01:21] aiming for ...h6.} 29. g3 fxg5 30. Nxe5 {[%emt 0:00:13] [#]} Qe6 31. gxf4 $15 Rdc8 32. f5 $2 {[%emt 0:00:43][%mdl 8192] Black converts the advantage convincingly.} (32. Qd7 $1 $11 {and White stays safe.} Qxd7 33. Nxd7) 32... Qf6 $19 ({Stronger than} 32... Rxc7 33. fxe6 Re8 34. Rc3 $11) 33. Ng4 Rxc7 34. Nxf6+ gxf6 35. Ra3 Rca7 36. Rg3 Kf7 37. Rh3 Kg7 38. Rg3 Bb5 39. h4 Ra3 40. Rg2 Ra1 41. Rxa1 Rxa1+ {[%emt 0:30:08][%mdl 4096] Endgame KRB-KR} 42. Kh2 Bd3 43. f3 h6 {[%emt 0:00:00][%cal Bh7h6,Bh6g5][%mdl 32] Threatens to win with ...c5.} 44. Rd2 Ra3 45. hxg5 hxg5 {[%emt 0:00:00] White must now prevent ...c5.} 46. Kg3 c5 {[%emt 0:00:00][%cal Bc6c5,Bc5c4][%mdl 32] ( -> ...Bxe4)} 47. Rb2 Ra7 (47... Bxe4 $142 48. Kh2 Rxf3 49. Ra2 Bxf5 50. Ra7+ Kg6 51. Ra4 Rc3 52. Kg2 g4 53. Kf2 c4 54. Ra7 Rf3+ 55. Ke1 g3 56. Ra8 c3 57. Ke2 Bg4 58. Rg8+ Kf5 59. Rc8 g2 60. Rc5+ Kg6 61. Rxc3 Rxc3+ 62. Kf2 Bh3 63. Kg1 Rg3 64. Kf2 g1=Q+ 65. Ke2 Qh2+ 66. Ke1 Rg1#) 48. Rb3 c4 {[%emt 0:00:00] Black mates.} 49. Rc3 Rb7 50. Kf2 Rb3 51. Rc1 c3 52. Ke1 Rb1 53. Rxb1 Bxb1 54. Kd1 Bd3 55. Kc1 Be2 56. Kc2 Bxf3 57. Kxc3 {[%emt 0:00:00] Weighted Error Value: White=0.71/Black=0.55} 0-1

[Event "GER-chT States Women 2022"]
[Site "Braunfels"]
[Date "2022.06.16"]
[Round "1.8"]
[White "Sereda, Yaroslava"]
[Black "Johe, Hildegard"]
[Result "1-0"]
[ECO "B07"]
[WhiteElo "1698"]
[BlackElo "1353"]
[Annotator "NA RC COMBH"]
[PlyCount "49"]
[EventDate "2022.06.15"]
[EventType "swiss"]
[EventCountry "GER"]
[SourceTitle "playchess.com"]
[Source "ChessBase"]
[SourceQuality "1"]
[TimeControl "40/5400+30:1800+30"]

1. e4 d6 2. d4 Nf6 3. Nc3 g6 4. Bc4 Bg7 5. f4 e6 6. Bb3 O-O 7. Nf3 h6 8. O-O Nc6 9. a3 b6 10. Qd3 Bb7 11. f5 exf5 12. exf5 g5 13. Ne2 Ne7 14. Ng3 Qc8 15. Re1 Qd7 16. Bd2 a5 17. c4 Rae8 18. Bc3 Bxf3 19. Qxf3 d5 20. c5 a4 21. Bc2 b5 22. Nh5 c6 23. Qh3 Kh7 24. Bd2 Nxh5 25. f6+ 1-0

[Event "GER-chT States Women 2022"]
[Site "Braunfels"]
[Date "2022.06.16"]
[Round "1.9"]
[White "Doluhanova, Evgeniya"]
[Black "Koehler, Inken"]
[Result "1-0"]
[ECO "B28"]
[WhiteElo "2270"]
[BlackElo "2002"]
[Annotator "NA RC"]
[PlyCount "87"]
[EventDate "2022.06.15"]
[EventType "swiss"]
[EventCountry "GER"]
[SourceTitle "playchess.com"]
[Source "ChessBase"]
[SourceQuality "1"]
[TimeControl "40/5400+30:1800+30"]

1. e4 c5 2. Nf3 a6 3. c3 d5 4. exd5 Qxd5 5. d4 Nf6 6. dxc5 Qxc5 7. Be3 Qc7 8. h3 e5 9. Nbd2 Be6 10. Qa4+ Nbd7 11. Bc4 Bxc4 12. Qxc4 Bd6 13. O-O O-O 14. Rad1 b5 15. Qb3 Nc5 16. Qc2 Ne6 17. Ne4 Nxe4 18. Qxe4 Rad8 19. Rfe1 Kh8 20. Qf5 Rfe8 21. Bg5 f6 22. Bh4 Nf4 23. Bg3 Ng6 24. h4 Bc5 25. h5 Ne7 26. Qg4 Ng8 27. Qe4 Qf7 28. Qc6 Qc4 29. Qxa6 Ra8 30. Qb7 Ra7 31. Qd5 Rxa2 32. b4 Bb6 33. Qxc4 bxc4 34. Rd6 Ba7 35. Rd2 Ra3 36. Rd7 Ra8 37. Red1 Rxc3 38. Nxe5 Bxf2+ 39. Kxf2 Rc2+ 40. Kg1 fxe5 41. Bxe5 Nf6 42. Rd8+ Rxd8 43. Rxd8+ Ng8 44. h6 1-0

[Event "GER-chT States Women 2022"]
[Site "Braunfels"]
[Date "2022.06.16"]
[Round "1.10"]
[White "Braeutigam, Irina"]
[Black "Jussupow, Nadia"]
[Result "1/2-1/2"]
[ECO "C00"]
[WhiteElo "2013"]
[BlackElo "2146"]
[Annotator "NA RC"]
[PlyCount "52"]
[EventDate "2022.06.15"]
[EventType "swiss"]
[EventCountry "GER"]
[SourceTitle "playchess.com"]
[Source "ChessBase"]
[SourceQuality "1"]
[TimeControl "40/5400+30:1800+30"]

1. e4 e6 2. d3 d5 3. Qe2 Nf6 4. g3 Bc5 5. Bg2 O-O 6. Nf3 Nc6 7. O-O dxe4 8. dxe4 e5 9. c3 a6 10. a4 Be6 11. Nbd2 Qc8 12. Nc4 Bg4 13. b4 Be7 14. Qc2 Qe6 15. Ne3 Bxf3 16. Bxf3 Rfd8 17. Nd5 Ne8 18. Be3 Bf8 19. Rad1 Ne7 20. Nxe7+ Bxe7 21. Rxd8 Rxd8 22. Rd1 Rxd1+ 23. Bxd1 Qc6 24. Qd3 Nd6 25. Bc5 Bf8 26. Bxd6 Qxd6 1/2-1/2

[Event "GER-chT States Women 2022"]
[Site "Braunfels"]
[Date "2022.06.16"]
[Round "1.11"]
[White "Kostak, Tatiana"]
[Black "Gressmann, Hanna"]
[Result "1-0"]
[ECO "C20"]
[WhiteElo "2102"]
[BlackElo "1892"]
[Annotator "NA RC"]
[PlyCount "141"]
[EventDate "2022.06.15"]
[EventType "swiss"]
[EventCountry "GER"]
[SourceTitle "playchess.com"]
[Source "ChessBase"]
[SourceQuality "1"]
[TimeControl "40/5400+30:1800+30"]

1. e4 e5 2. a3 Nf6 3. d4 d6 4. dxe5 dxe5 5. Qxd8+ Kxd8 6. Nc3 Bc5 7. Bg5 c6 8. f3 Be6 9. O-O-O+ Kc7 10. Na4 Be7 11. Nh3 h6 12. Be3 Nbd7 13. Nf2 b5 14. Nc3 Bc5 15. Bxc5 Nxc5 16. b4 Nb7 17. Nd3 Nd7 18. Be2 f6 19. f4 Nd6 20. fxe5 fxe5 21. a4 bxa4 22. Nxa4 Nxe4 23. Rhe1 a5 24. Ndc5 Nexc5 25. bxc5 Rhb8 26. Bf3 Rb4 27. Nb6 Nxb6 28. cxb6+ Rxb6 29. Rxe5 Re8 30. Rxa5 Reb8 31. Ra7+ R8b7 32. Rxb7+ Rxb7 33. Re1 Bd5 34. Bxd5 cxd5 35. Re6 Kd7 36. Rg6 Ke8 37. Kd2 Rd7 38. Kd3 Kf7 39. Rc6 Ke7 40. Kd4 Kf7 41. h4 Re7 42. Kxd5 Re2 43. g4 Rg2 44. Rc4 Kf6 45. Rf4+ Ke7 46. c4 Rd2+ 47. Rd4 Rf2 48. Kc6 g5 49. hxg5 hxg5 50. Re4+ Kf6 51. Kd5 Rd2+ 52. Rd4 Rc2 53. c5 Ke7 54. Rc4 Rd2+ 55. Ke5 Rf2 56. Re4 Kd7 57. Kd5 Rd2+ 58. Rd4 Rf2 59. c6+ Kc7 60. Rc4 Rf3 61. Re4 Rd3+ 62. Ke6 Kxc6 63. Kf5 Rd5+ 64. Re5 Rxe5+ 65. Kxe5 Kd7 66. Kf6 Ke8 67. Kxg5 Kf7 68. Kh6 Kg8 69. g5 Kh8 70. g6 Kg8 71. g7 1-0

[Event "GER-chT States Women 2022"]
[Site "Braunfels"]
[Date "2022.06.16"]
[Round "1.12"]
[White "Falke, Ornella"]
[Black "Valkova, Angelika"]
[Result "0-1"]
[ECO "B10"]
[WhiteElo "1844"]
[BlackElo "2066"]
[Annotator "NA RC"]
[PlyCount "76"]
[EventDate "2022.06.15"]
[EventType "swiss"]
[EventCountry "GER"]
[SourceTitle "playchess.com"]
[Source "ChessBase"]
[SourceQuality "1"]
[TimeControl "40/5400+30:1800+30"]

1. e4 c6 2. Nc3 d5 3. Nf3 dxe4 4. Nxe4 Nf6 5. Nxf6+ exf6 6. d4 Bd6 7. Bd3 O-O 8. Be3 a5 9. c3 Re8 10. Qc2 Bf4 11. Bxh7+ Kh8 12. Bd3 Bxe3 13. fxe3 Rxe3+ 14. Kd2 Re8 15. Rae1 Be6 16. Re4 g6 17. Kc1 Kg7 18. Rhe1 Nd7 19. Nh4 Nf8 20. g4 Qd5 21. Nf3 Qxa2 22. h4 a4 23. g5 f5 24. R4e2 Bb3 25. Qb1 Rxe2 26. Rxe2 Ne6 27. h5 Qxb1+ 28. Kxb1 Bd5 29. Nh4 Nf4 30. h6+ Kh7 31. c4 Nxe2 32. Bxe2 Re8 33. Bd3 Bh1 34. Kc2 Re3 35. Kd2 Rh3 36. Nxf5 Rh2+ 37. Kc3 gxf5 38. Bxf5+ Kh8 0-1

[Event "GER-chT States Women 2022"]
[Site "Braunfels"]
[Date "2022.06.16"]
[Round "1.13"]
[White "Gheng, Simona"]
[Black "Mundt, Alexandra"]
[Result "1-0"]
[ECO "B06"]
[WhiteElo "1944"]
[BlackElo "1782"]
[Annotator "TA"]
[PlyCount "85"]
[EventDate "2022.06.15"]
[EventType "swiss"]
[EventCountry "GER"]
[SourceTitle "playchess.com"]
[Source "ChessBase"]
[SourceQuality "1"]
[TimeControl "40/5400+30:1800+30"]

1. e4 g6 2. d4 Bg7 3. Nf3 c5 4. Bc4 cxd4 5. Nxd4 d6 6. O-O Nf6 7. Nc3 Nc6 8. Nxc6 bxc6 9. f4 Qb6+ 10. Kh1 O-O 11. h3 {[%emt 0:01:47] [#] B57: Classical Sicilian: Sozin with 6...Qb6.} Nxe4 $1 12. Nxe4 {[%emt 0:02:17] Threatens to win with Ng5.} d5 13. Bd3 {[%emt 0:00:22] aiming for Nc3. Black is slightly better.} (13. Bxd5 cxd5 14. Nf2 (14. Qxd5 $2 Bb7 $19) 14... Rb8 $17) 13... dxe4 14. Bxe4 {[%emt 0:00:26] [#]} Bb7 $146 (14... Rd8 $5 15. Qe1 Ba6 $11) ({Predecessor:} 14... Ba6 15. Re1 e6 16. Qf3 Rac8 17. c3 c5 18. Qf2 Bc4 19. Be3 a5 20. Red1 Rc7 {0-1 (42) Loubatiere,J-Relange,E (2505) Corsico 1997}) 15. f5 Rad8 (15... Bxb2 $2 16. Rb1 $18) 16. Qf3 Ba6 (16... Bxb2 $2 17. Rb1 $18) 17. Re1 c5 18. Bg5 Rd7 19. Rad1 Rfd8 (19... Rxd1 $11 20. Rxd1 Bf6) 20. Rxd7 Rxd7 21. Bc6 Rc7 22. Bd5 Bf6 23. Bh6 {[%emt 0:09:20] [#] fxg6 is the strong threat.} Bb7 $1 24. Rd1 ({Reject} 24. fxg6 hxg6 25. b3 Rd7 26. Bxb7 Qxb7 $11) 24... Bxd5 25. Qxd5 Rc8 {[%emt 0:00:06] Prevents Qd8+.} 26. b3 (26. Qd7 $5 Rb8 27. b3 $14) 26... Bg7 (26... Qc7 $11) 27. Qd7 $40 {[%emt 0:01:12][%csl LRc8,LRe7][%mdl 128] Black is in trouble. White is more active.} Rf8 (27... Qb8 $16 {was necessary.}) 28. Bxg7 $18 Kxg7 29. Qxe7 {[%emt 0:00:10][%mdl 4096] Endgame KQR-KQR} c4 $2 (29... Qf6 {was worth a try.} 30. Qxc5 Rd8 31. Rxd8 Qxd8) 30. Rd6 Qb8 31. f6+ ({Not} 31. fxg6 hxg6 32. Qe5+ (32. bxc4 Qb1+ 33. Kh2 Qxc2 $16) 32... Kg8 $18) 31... Kh8 32. Rd1 cxb3 (32... c3 33. Rd7 a6) 33. axb3 Kg8 34. Rd7 Kh8 35. Qd6 $2 (35. c4 $18 {and White stays clearly on top.}) 35... Qe8 $2 {[%emt 0:00:32][%mdl 8192] This costs Black the game.} (35... Qxd6 $16 36. Rxd6 h5) 36. Rxa7 Qe1+ 37. Kh2 Qe8 38. c4 Qc8 39. Qc7 (39. Rd7 $142 {Intending c5 and mate.} Qb8 40. Qxb8 Rxb8 41. c5) 39... Qe8 40. c5 Qe6 41. Qd6 {[%emt 0:30:15][%cal Rd6f8] White mates.} Qc8 42. c6 Kg8 43. Rd7 {[%emt 0:00:00] Weighted Error Value: White=0.85/Black=0.60} 1-0

[Event "GER-chT States Women 2022"]
[Site "Braunfels"]
[Date "2022.06.16"]
[Round "1.14"]
[White "Braeutigam, Katerina"]
[Black "Timofeeva, Galina"]
[Result "1/2-1/2"]
[ECO "B24"]
[WhiteElo "1860"]
[BlackElo "1979"]
[Annotator "TA"]
[PlyCount "101"]
[EventDate "2022.06.15"]
[EventType "swiss"]
[EventCountry "GER"]
[SourceTitle "playchess.com"]
[Source "ChessBase"]
[SourceQuality "1"]
[TimeControl "40/5400+30:1800+30"]

1. e4 c5 2. Nc3 Nc6 3. Nf3 e6 4. g3 a6 5. a4 Qc7 6. Bg2 {[%emt 0:00:23] B40: Sicilian: 2...e6, Unusual lines.} Nf6 7. d3 Be7 8. O-O {[%emt 0:00:29] The position is equal.} O-O {[%emt 0:00:20] [#]} 9. Nh4 $146 ({Predecessor:} 9. Ng5 d6 10. f4 Rb8 11. h3 b5 12. axb5 axb5 13. Ne2 Bb7 14. g4 Ra8 15. Rb1 {½-½ (57) Tologontegin,S (2419)-Radzhabov,R (2297) Cheliabinsk 2018}) 9... Rd8 10. f4 d5 11. e5 Ne8 12. Nf3 Rb8 13. g4 b5 14. axb5 axb5 15. Qe2 b4 16. Nd1 b3 17. c3 d4 ({Better is} 17... Rb7 $11) 18. c4 $14 Bd7 19. Bh3 (19. Bd2 $16) 19... Nb4 20. f5 (20. Bd2 $14) 20... exf5 (20... Nc2 $5 21. Rb1 Rb6 $11) 21. gxf5 f6 {[%emt 0:00:37] Prevents Ng5.} 22. Bf4 fxe5 23. Nxe5 Bd6 24. f6 Nxf6 (24... Bxh3 $2 25. f7+ Kf8 26. Ng6+ $1 hxg6 27. fxe8=Q+ Rxe8 28. Bxd6+ Kg8 29. Qxe8+ (29. Bxc7 Rxe2 30. Bxb8 Rg2+ 31. Kh1 Re2 $11) (29. Rf8+ $2 Rxf8 30. Bxc7 Rbe8 $19) 29... Rxe8 30. Bxc7 $18) 25. Nxd7 Rxd7 26. Bxd7 Bxf4 27. Be6+ Kh8 28. Qg2 (28. Bh3 $15) 28... g5 (28... Nxd3 $17 29. Kh1 Bd6) 29. Ra8 Kg7 $2 {[%emt 0:00:13][%mdl 8192] [#]} (29... Nxd3 $11 {and Black stays safe.} 30. h4 gxh4) 30. Rxb8 $2 (30. Rxf4 $1 $18 Rxa8 31. Qxg5+ Kh8 32. Qxf6+ Qg7+ 33. Qxg7+ Kxg7 34. Rf7+ Kg6 35. Rf1) 30... Qxb8 $16 31. Nf2 (31. h4 $1 $14 h6 32. Nf2) 31... Be3 $2 (31... Nc2 $1 $11 32. Nd1 h5) 32. Kh1 $18 {[%emt 0:00:24] Black must now prevent Ne4.} Qe5 (32... Qc7 33. Bf5 Qf7) 33. Qb7+ Kh6 34. Ng4+ Nxg4 35. Bxg4 {[%emt 0:00:01] Rf7 would kill now.} Bf4 36. Qb6+ $2 (36. Qf7) 36... Kg7 37. Qb7+ ({White should play} 37. Ra1 $1 $18 {[%cal Ra1a7] White threatens Ra7+ and mate.} Na2 38. Bf3) 37... Kg6 $2 (37... Kh6 $1 $11) 38. h4 h5 (38... gxh4 $142 39. Bf3 Kh6) 39. Qb6+ $2 (39. Bf3 $18 {is the precise move to win.}) 39... Qd6 $16 40. Qxd6+ Bxd6 {[%emt 0:00:02][%mdl 4096] Endgame KRB-KBN} 41. Bf5+ Kh6 42. Be4 Bf4 43. hxg5+ Kxg5 44. Ra1 (44. Rg1+ $16 Kh4 45. Kg2) 44... Na2 (44... Bd2 $11 {remains equal.}) 45. Bf3 (45. Rg1+ $16 Kh4 46. Kg2) 45... h4 46. Bd1 Nc1 47. Rxc1 $2 Bxc1 $19 48. Bxb3 {[%emt 0:00:14] [#]} Bxb2 $2 (48... Kf4 $1 $19 {[%cal Rf4e3] has better winning chances.} 49. Bd1 Ke3) 49. Ba4 $17 {[%emt 0:00:18] [#] Black is better.} Kf4 $1 {[%emt 0:00:28] Strongly threatening ...Ke3.} 50. Bc6 Kg3 51. Be4 {[%emt 0:00:14] Weighted Error Value: White=0.74/Black=0.64} 1/2-1/2